 Dungeon Crawl Stone Soup version 0.29.1-13-g9f3cf754e1 (webtiles) character file.

Game seed: 2323919644509856015

328 Thatpatchoflichen the Shooter (level 6, -8/38 HPs)
             Began as a Kobold Hunter on Jan 22, 2023.
             Killed by an exploding centaur zombie (36 damage)
             ... ignited by their inner flame
             ... in an ossuary.
             The game lasted 00:10:02 (3467 turns).

Thatpatchoflichen the Shooter (Kobold Hunter)       Turns: 3467, Time: 00:10:04

Health: -8/38      AC:  3    Str:  8    XL:     6   Next: 80%
Magic:  6/6        EV: 16    Int: 10    God:
Gold:   96         SH:  0    Dex: 21    Spells: 5/5 levels left

rFire   . . .      SeeInvis .   a - +0 shortbow
rCold   . . .      Faith    .   (shield currently unavailable)
rNeg    . . .      Spirit   .   c - +0 leather armour
rPois   .          Reflect  .   (no helmet)
rElec   .          Harm     .   (no cloak)
rCorr   .          Rampage  .   (no gloves)
Will    .....                   (no boots)
Stlth   ++++......              (no amulet)
HPRegen 0.12/turn               (no ring)
MPRegen 0.10/turn               (no ring)

@: marked
A: small, no large weapons, nightstalker 3
a: no special abilities


You were in an ossuary.
You visited 1 branch of the dungeon, and saw 4 of its levels.
You also visited: Ossuary.

You collected 96 gold pieces.

Inventory:

Hand Weapons
 a - a +0 shortbow (weapon)
Missiles
 m - 2 poisoned darts
 r - 4 boomerangs
Armour
 c - a +0 leather armour (worn)
Wands
 p - a wand of mindburst (5)
Scrolls
 e - 3 scrolls of torment
 g - a scroll of magic mapping {unknown}
 i - a scroll of enchant armour {unknown}
 k - a scroll of fear {unknown}
 l - a scroll of amnesia {unknown}
 o - 2 scrolls of blinking
Potions
 d - 4 potions of cancellation
 h - 4 potions of curing
 j - 2 potions of brilliance {unknown}
 n - a potion of attraction {unknown}
 q - 2 potions of haste {unknown}


   Skills:
 + Level 4.1 Fighting
 + Level 6.7 Ranged Weapons
 + Level 4.4 Dodging
 + Level 4.6 Stealth


You had 5 spell levels left.
You didn't know any spells.
Your spell library contained the following spells:

 Spells                   Type           Power      Damage    Failure   Level
 Summon Guardian Golem    Hex/Summ       0%         N/A       86%         3
 Orb of Destruction       Conj           0%         9d5       100%        7
 Spellforged Servitor     Conj/Summ      0%         N/A       100%        7


Dungeon Overview and Level Annotations

Branches:
Dungeon (4/15)            Ossuary (1/1)
 Temple: D:4-7

Altars:

Shops:
D:3 (

Annotations:
D:4 Eustachio


Innate Abilities, Weirdness & Mutations

You are small and have problems with some larger weapons.
You are completely attuned to the shadows.


Message History

The centaur zombie is moderately damaged.
The centaur zombie hits you. The centaur zombie closely misses you.
The human zombie closely misses you. The centaur zombie misses you.
The centaur zombie barely misses you.
A mummy comes into view.
As you read the scroll of immolation, it crumbles to dust.
The creatures around you are filled with an inner flame!
The centaur zombie misses you.
The centaur zombie kicks you but does no damage.
The human zombie hits you but does no damage.
A mummy comes into view.
The centaur zombie attacks as you move away!
The centaur zombie completely misses you.
The centaur zombie kicks you but does no damage.
The human zombie sets off the alarm!
The alarm trap emits a blaring wail!
The mark upon you grows brighter. The centaur zombie hits you.
The centaur zombie misses you.
The mummy moves out of view.
Fire: a) +0 shortbow
Press: ? - help, Q - select action, (/) - cycle Shift-Dir - straight line, f/p - centaur zombie
Aim: a centaur zombie (moderately damaged, inner flame, 91% to hit)
You shoot an arrow. The arrow hits the centaur zombie!
Flame seeps out of the centaur zombie.
The centaur zombie is severely damaged.
The centaur zombie is engulfed in blazing flames.
Flame seeps out of the centaur zombie.
The centaur zombie hits you but does no damage.
The centaur zombie barely misses you. The human zombie misses you.
Fire: a) +0 shortbow
Press: ? - help, Q - select action, (/) - cycle Shift-Dir - straight line, f/p - centaur zombie
Aim: a centaur zombie (flame, almost destroyed, inner flame, 91% to hit)
You shoot an arrow. The arrow hits the centaur zombie!
The centaur zombie explodes!
The fiery explosion engulfs the orc zombie!!!
The fiery explosion engulfs the human zombie!!
Flame seeps out of the human zombie.
The human zombie is heavily damaged.
The fiery explosion engulfs you!!!
Ouch! That really hurt!
You die...

######################
#....................#
#....................#
#........8..8........#
#.........§@§........#
#...######Z°######...#
#...# #.Z# #...# #...#
#ZZ# #...# #...# #ZM#
#...# #...# Z.M..Z.Z.
#...# #...# ###Z.....
#...# #...# #......
#...# #...# #......
#...#


You could see a mummy (inner flame), an adder zombie (inner flame), a jackal
zombie (inner flame), a kobold zombie (inner flame), an orc zombie (inner flame)
and a human zombie (inner flame).

Vanquished Creatures
  Sigmund (D:3)
  A centaur zombie (Ossuary)
  Terence (D:2)
  Natasha (thrice) (D:2 D:3)
  A worm (D:2)
  3 endoplasms
  2 giant cockroaches
  6 goblins
  5 hobgoblins
  3 jackals (D:2)
  2 quokkas
  3 ball pythons
  8 bats
  4 frilled lizards
  6 hobgoblin zombies (Ossuary)
  5 kobolds
  4 kobold zombies (Ossuary)
  12 orc zombies (Ossuary)
  4 rats
74 creatures vanquished.

Notes
Turn   | Place    | Note
-------+----------+-------------------------------------------
     0 | D:1      | Thatpatchoflichen the Kobold Hunter began the quest for the
                  | Orb.
     0 | D:1      | Reached XP level 1. HP: 12/12 MP: 1/1
   240 | D:1      | Reached XP level 2. HP: 18/18 MP: 2/2
   886 | D:2      | Reached XP level 3. HP: 22/22 MP: 3/3
   886 | D:2      | Noticed Terence
   894 | D:2      | Killed Terence
  1164 | D:2      | Reached XP level 4. HP: 27/27 MP: 4/4
  1290 | D:2      | Noticed Natasha
  1301 | D:2      | Killed Natasha
  1455 | D:2      | Noticed Natasha
  1471 | D:3      | Killed Natasha
  1472 | D:3      | Reached skill level 6 in Ranged Weapons
  1472 | D:3      | Reached XP level 5. HP: 4/32 MP: 5/5
  2572 | D:3      | Noticed Natasha
  2575 | D:3      | Killed Natasha
  2594 | D:3      | Found a faded altar of an unknown god.
  2741 | D:3      | Found Apnaejul's Antique Weapon Boutique.
  2768 | D:3      | Noticed Sigmund
  2831 | D:4      | Noticed Eustachio
  3021 | D:3      | Killed Sigmund
  3022 | D:3      | Reached XP level 6. HP: 28/38 MP: 6/6
  3210 | D:4      | Found a sand-covered staircase.
  3217 | Ossuary  | Entered an ossuary
  3467 | Ossuary  | Killed by an exploding centaur zombie... ignited by their
                  | inner flame

Illustrated notes

Levels and vault maps discovered:
D:1:      dpeg_arrival_concentric_ovals, layout_loops_ring
D:2:      layout_basic, uniq_terence, uniq_natasha
D:3:      layout_loops_corners, hellmonk_ecumenical_altar_zigzags, serial_shops,
          nicolae_shop_crystal, uniq_sigmund, uniq_jessica
D:4:      layout_basic, mainiacjoe_overflow_big_doors,
          minmay_temple_entry_slanted, nicolae_ossuary_entry_monument,
          minmay_goblin_kobold_house, uniq_menkaure, uniq_eustachio
Ossuary:  ossuary_tomb_1

Skill      XL: |  1  2  3  4  5 |
---------------+----------------+-----
Stealth        | 2 3 4 |  4.6
Dodging        | 3 4 |  4.4
Fighting       | 3 4 |  4.1
Ranged Weapons | 6 |  6.7

Action                   |  1- 3 |  4- 6 || total
-------------------------+-------+-------++-------
 Fire: Shortbow          |    53 |   151 ||   204
  Use: Scroll            |       |     5 ||     5
Armor: Leather armour    |     5 |    15 ||    20
Dodge: Dodged            |    25 |    89 ||   114
